Map: Ulrena

Players

MorN - Winner!

  • Race: Terran Terran
  • League: Master

GuitarGuy

  • Race: Protoss Protoss
  • League: Diamond

VOD

Have the link to the VOD?

Description

Time

  • Played on: Nov. 22, 2015, 7:25 p.m.
  • Length: 8:02
Show
View Real Time Build Order
Export as new Build Order

MorN Terran - Winner!

Build Orders: MMM Bio 

Get SALT Encoding   

  12  0:00  SCV  
  13  0:13  SCV  
  14  0:17  Supply Depot  
  14  0:25  SCV  
  15  0:39  SCV  
  15  0:40  Barracks  
  16  0:45  Refinery  
  16  0:51  SCV  
  17  1:03  SCV  
  18  1:18  SCV  
  19  1:27  Marine  
  19  1:30  Orbital Command  
  20  1:43  Command Center  
  20  1:56  Factory  
  20  1:58  Marine  
  21  2:04  SCV  
  22  2:11  Supply Depot  
  22  2:19  Marine  
  23  2:33  SCV  
  23  2:37  Marine  
  25  2:48  Factory Tech Lab  
  25  2:49  Barracks  
  25  2:54  Marine  
  25  2:59  SCV  
  24  3:08  Cyclone  
  24  3:12  SCV, Marine  
  26  3:24  Orbital Command  
  26  3:25  SCV  
  27  3:30  Marine  
  27  3:32  Engineering Bay  
  28  3:37  SCV  
  29  3:47  Refinery  
  29  3:49  SCV  
  29  3:51  SCV, Bunker  
  31  4:00  Missile Turret  
  31  4:01  SCV  
  32  4:03  SCV, Stimpack, Marine  
  34  4:11  Missile Turret  
  34  4:14  SCV  
  34  4:15  SCV  
  36  4:22  Barracks Tech Lab, Factory Reactor  
  36  4:26  SCV  
  36  4:28  SCV, Barracks  
  38  4:32  Terran Infantry Weapons Level 1  
  38  4:37  Refinery  
  38  4:38  SCV  
  39  4:40  SCV, Marine  
  41  4:49  Supply Depot  
  41  4:50  SCV  
  41  4:52  SCV  
  43  4:53  Marauder  
  45  5:01  Marine  
  45  5:05  Starport  
  46  5:10  SCV x2, Supply Depot  
  46  5:11  Factory Reactor  
  48  5:22  SCV x2  
  48  5:24  Marine x2  
  48  5:25  Marauder  
  54  5:29  Supply Depot, Combat Shields  
  54  5:32  Marauder  
  54  5:34  SCV  
  57  5:35  SCV  
  58  5:46  SCV, Marauder  
  58  5:48  SCV  
  62  5:50  Supply Depot  
  62  5:51  Marine x2  
  64  5:58  Medivac  
  64  5:59  SCV, Medivac  
  64  6:01  Command Center  
  64  6:02  SCV  
  70  6:11  SCV  
  68  6:12  Supply Depot, Marauder x2  
  68  6:14  SCV  
  73  6:18  Supply Depot  
  73  6:21  Marine  
  73  6:23  SCV, Factory Reactor  
  74  6:34  Marauder  
  74  6:37  Viking  
  74  6:38  Refinery  
  78  6:48  Missile Turret  
  78  6:50  Missile Turret  
  78  6:59  Missile Turret  
  78  7:04  SCV  
  78  7:05  Supply Depot  
  79  7:10  Marauder, Marine  
  79  7:11  Widow Mine, Medivac x2  
  88  7:20  SCV  
  89  7:28  Marauder, Marine x2  
  93  7:31  Barracks, Marauder  
  93  7:35  Barracks  
Show
View Real Time Build Order
Export as new Build Order

GuitarGuy Protoss 

Build Orders: Oracle Opening 

Get SALT Encoding   

  12  0:00  Probe (Chrono Boost)  
  13  0:11  Probe (Chrono Boost)  
  14  0:18  Pylon  
  14  0:21  Probe (Chrono Boost)  
  15  0:37  Probe (Chrono Boost)  
  15  0:38  Gateway  
  16  0:47  Probe (Chrono Boost), Assimilator  
  17  0:52  Assimilator  
  17  0:58  Probe (Chrono Boost)  
  18  1:07  Pylon  
  18  1:10  Probe (Chrono Boost)  
  19  1:20  Probe (Chrono Boost)  
  20  1:25  Cybernetics Core  
  20  1:31  Probe (Chrono Boost)  
  21  1:41  Probe (Chrono Boost)  
  22  1:52  Probe (Chrono Boost)  
  25  2:03  Mothership Core (Chrono Boost)  
  25  2:05  Adept  
  25  2:06  Warp Gate  
  27  2:33  Stargate  
  27  2:42  Stalker (Chrono Boost)  
  29  2:47  Nexus  
  29  2:50  Probe  
  30  3:02  Probe  
  30  3:04  Pylon  
  31  3:20  Stalker (Chrono Boost)  
  31  3:22  Oracle (Chrono Boost)  
  34  3:29  Probe  
  35  3:36  Robotics Facility  
  35  3:41  Probe  
  36  3:50  Pylon  
  37  3:55  Probe  
  37  3:58  Probe  
  38  4:07  Probe  
  38  4:09  Probe  
  37  4:18  Stalker  
  37  4:19  Phoenix (Chrono Boost)  
  43  4:26  Observer  
  43  4:30  Probe  
  42  4:31  Probe  
  42  4:32  Assimilator  
  42  4:34  Assimilator  
  44  4:38  Robotics Bay  
  44  4:44  Probe  
  44  4:46  Probe  
  46  4:55  Probe  
  46  4:58  Probe  
  48  5:00  Stalker  
  48  5:03  Warp Prism (Chrono Boost)  
  52  5:08  Probe  
  52  5:10  Probe  
  54  5:16  Phoenix  
  54  5:19  Probe  
  57  5:27  Gravitic Drive  
  57  5:35  Disruptor (Chrono Boost)  
  59  5:41  Adept  
  61  5:48  Pylon  
  61  5:49  Pylon  
  61  5:54  Gateway  
  61  5:55  Gateway  
  61  6:01  Probe  
  62  6:04  Probe  
  62  6:06  Disruptor (Chrono Boost)  
  66  6:24  Probe  
  66  6:25  Nexus  
  66  6:26  Probe  
  68  6:35  Probe  
  68  6:38  Probe  
  68  6:39  Disruptor (Chrono Boost)  
  73  6:41  Pylon  
  73  6:45  Probe  
  74  7:01  Probe  
  71  7:02  Probe  
  71  7:07  Pylon  
  71  7:09  Stalker x3  
  71  7:12  Colossus (Chrono Boost)  
  83  7:19  Probe  
  83  7:21  Probe  
  85  7:30  Probe  
  85  7:33  Probe, Forge  
  85  7:34  Forge  
Tags
 
Composition
MMM Bio
Matchup
PvT
Replay Pack
MorN pack 2
Add a new tag
Caveats
  • Supply blocks, unpowered buildings, or Contaminate may cause inaccurate times.
  • Supply counts are checked every 10 seconds.